 Dungeon Crawl Stone Soup version 0.27-a0-1081-ge8a0a9c698 (webtiles) character file.

Game seed: 7455013925397458140

214 tardwrangler69 the Poker (level 5, -2/42 HPs)
             Began as a Merfolk Gladiator on Apr 25, 2021.
             Slain by a gnoll
             ... wielding a +0 spear
              (3 damage)
             ... on level 4 of the Dungeon.
             The game lasted 00:05:17 (3495 turns).

tardwrangler69 the Poker (Merfolk Gladiator)        Turns: 3495, Time: 00:05:18

Health: -2/42      AC:  4    Str: 14 (15) XL:     5   Next: 92%
Magic:  5/5        EV: 14    Int:  5 (7)  God:
Gold:   129        SH:  0    Dex: 15 (16) Spells: 4/4 levels left

rFire    + . .     SeeInvis .   a - +1 trident
rCold    . . .     Faith    .   (no shield)
rNeg     . . .     Spirit   .   b - +0 leather armour
rPois    .         Reflect  .   c - +0 helmet
rElec    .         Harm     .   (no cloak)
rCorr    .         Rampage  .   (no gloves)
Will     .....                  (no boots)
Stlth    +.........             (no amulet)
HPRegen  0.14/turn              m - ring of protection from fire
MPRegen  0.09/turn              (no ring)

@: confused, brilliant, on berserk cooldown, slowed, very slow
A: (nimble swimmer 2), mertail
a: no special abilities


You were on level 4 of the Dungeon.
You visited 1 branch of the dungeon, and saw 4 of its levels.

You collected 151 gold pieces.
You spent 22 gold pieces at shops.

Inventory:

Hand Weapons
 a - a +1 trident (weapon)
Missiles
 d - 4 throwing nets (quivered)
Armour
 b - a +0 leather armour (worn)
 c - a +0 helmet (worn)
Jewellery
 i - a ring of wizardry
 m - a ring of protection from fire (left hand)
Scrolls
 e - a scroll of teleportation
Potions
 g - a potion of brilliance
 l - a potion of curing


   Skills:
 + Level 3.7 Fighting
 * Level 7.2 Polearms
 - Level 2.0 Throwing
 + Level 5.4 Dodging


You had 4 spell levels left.
You didn't know any spells.
Your spell library contained the following spells:

 Spells                   Type           Power      Damage    Failure   Level
 Poisonous Vapours        Pois/Air       0%         N/A       71%         2
 Conjure Flame            Conj/Fire      0%         6-21      90%         3
 Mephitic Cloud           Conj/Pois/Air  0%         N/A       90%         3
 Freezing Cloud           Conj/Ice/Air   0%         6-21      100%        6


Dungeon Overview and Level Annotations

Branches:
Dungeon (4/15)
 Temple: D:4-7

Altars:

Shops:
D:1 =   D:4 *::


Innate Abilities, Weirdness & Mutations

((You are quick and stealthy near water. (Stealth+, EV+, Speed+++)))
Your lower body shifts to a powerful aquatic tail in water.


Message History

You hit something.
The orc wizard gestures at you while chanting.
A gnoll comes into view. It is wielding a +0 spear.
You closely miss something. Something completely misses you.
You miss something.
The orc wizard points at you and mumbles some strange words.
The magic dart hits something.
You feel a strong urge to attack something.
You barely miss the orc wizard. The orc wizard closely misses you.
The gnoll hits you but does no damage. Something hits you.
* * * LOW HITPOINT WARNING * * *
You closely miss the orc wizard. The orc wizard barely misses you.
You hit the orc wizard.
The orc wizard is moderately wounded.
You are no longer berserk.
You are exhausted.
You feel yourself slow down. The gnoll hits you but does no damage.
Something hits you.
* * * LOW HITPOINT WARNING * * *
You closely miss the orc wizard.
The orc wizard is moderately wounded.
The orc wizard hits you with a +0 dagger of holy wrath.
* * * LOW HITPOINT WARNING * * *
The gnoll closely misses you.
You hear some strange, mumbled words.
You are confused.
The orc wizard hits you but does no damage.
The gnoll hits you but does no damage.
An orc comes into view. It is wielding a +0 flail.
The orc shouts!
Something barely misses you.
The orc wizard points at you and mumbles some strange words.
You resist with some effort. The gnoll misses you. Something barely misses you.
You're too confused to move!
The orc wizard barely misses you. The gnoll closely misses you.
Something hits you but does no damage.
The orc wizard points at you and mumbles some strange words.
The magic dart hits you!
* * * LOW HITPOINT WARNING * * *
The gnoll hits you from afar with a +0 spear.
You die...

#.......#.∩.#.###
#...............+ .'
.###...##.#.##### #.#
.#∩#...#...###### ...
.#'#.####..{##..###'##
...#.. #............#
#.....#..#....#g.....#..
#..#.##...#...#o........
######....#..##.@.......
#.#.....##.........
##....####)........
#.### #....##.### ##...#
## ##.## ###


You could see an orc wizard and a gnoll.

Vanquished Creatures
  Terence (D:2)
  2 orc wizards (D:3)
  2 gnolls
  3 adders
  6 dart slugs
  2 orcs (D:3)
  5 endoplasms
  2 giant cockroaches
  6 goblins
  14 hobgoblins
  8 kobolds
  5 quokkas
  4 ball pythons
  7 bats
  4 frilled lizards
  7 rats
78 creatures vanquished.

Vanquished Creatures (others)
  A goblin (D:3)
1 creature vanquished.

Grand Total: 79 creatures vanquished

Notes
Turn   | Place    | Note
-------+----------+-------------------------------------------
     0 | D:1      | tardwrangler69 the Merfolk Gladiator began the quest for
                  | the Orb.
     0 | D:1      | Reached XP level 1. HP: 16/16 MP: 1/1
   259 | D:1      | Found a faded altar of an unknown god.
   270 | D:1      | Reached XP level 2. HP: 14/23 MP: 2/2
   468 | D:1      | Reached skill level 5 in Polearms
   575 | D:1      | Reached XP level 3. HP: 28/28 MP: 3/3
   799 | D:1      | Found Aphaidil's Jewellery Shop.
  1280 | D:2      | Noticed Terence
  1294 | D:2      | Killed Terence
  1295 | D:2      | Reached XP level 4. HP: 3/35 MP: 4/4
  1620 | D:2      | Reached skill level 6 in Polearms
  2445 | D:3      | Reached skill level 5 in Dodging
  2606 | D:3      | Reached XP level 5. HP: 39/41 MP: 5/5
  2915 | D:4      | Found Wuduwn's Book Boutique.
  2923 | D:4      | Found Seips's Book Shoppe.
  2942 | D:4      | Found Yvuhass's Assorted Antiques.
  2945 | D:4      | Bought a scroll labelled NURHOA MOAW for 22 gold pieces
  3068 | D:3      | Reached skill level 7 in Polearms
  3384 | D:4      | Noticed a phantom
  3495 | D:4      | HP: 1/42 [orc wizard/magic dart (10)]
  3495 | D:4      | Slain by a gnoll

Illustrated notes

Levels and vault maps discovered:
D:1:      nicolae_arrival_washed_ashore, layout_basic, basic_ecumenical_altar,
          serial_shops, nicolae_shop_statue_plus
D:2:      layout_loops_ring, kennysheep_generic_room_3, uniq_terence
D:3:      layout_rooms
D:4:      cheibrodos_greedy_goblins, layout_cave_pools, serial_shops, shop,
          nicolae_shop_stone, kennysheep_mini, kennysheep_little_box

Skill      XL: |  1  2  3  4  5 |
---------------+----------------+-----
Polearms       | 5 6 7 |  7.2
Fighting       | 3 |  3.7
Dodging        | 5 |  5.4
Throwing       | |  2.0

Action                   |  1- 3 |  4- 6 || total
-------------------------+-------+-------++-------
Melee: Trident           |    93 |   188 ||   281
  Use: Scroll            |       |     7 ||     7
       Potion            |       |     4 ||     4
 Stab: Sleeping          |     2 |     3 ||     5
       Distracted        |       |     1 ||     1
Armor: Leather armour    |    10 |    51 ||    61
Dodge: Dodged            |    47 |   123 ||   170

Table legend: (Time is in decaauts)
 A = Elapsed time spent in this place.
 B = Non-inter-level travel time spent in this place.
 C = Inter-level travel time spent in this place.
 D = Time resting spent in this place.
 E = Time spent auto-exploring this place.
 F = Levels seen in this place.
 G = Mean time per level.
                   A        B        C        D        E       F      G
               +--------+--------+--------+--------+--------+-----+--------+
         Total |   3496 |   3370 |    126 |     17 |   2783 |   4 |  874.0 |
       Dungeon |   3496 |   3370 |    126 |     17 |   2783 |   4 |  874.0 |
               +--------+--------+--------+--------+--------+-----+--------+

Top non-repeatable levels by time:
     D:2: 1208 daAuts
     D:1: 1131 daAuts
     D:3: 1025 daAuts
     D:4: 131 daAuts
